Map: King's Cove LE

Players

Lambo - Winner!

  • Race: Zerg Zerg
  • League: Grandmaster
  • Spawn Location: 11:00

InZaNe

  • Race: Terran Terran
  • League: Grandmaster
  • Spawn Location: 5:00

Event: HomeStory Cup XIX

VOD

Have the link to the VOD?

Description

Time

  • Played on: June 27, 2019, 6:33 a.m.
  • Length: 7:46

All games in this series

Show
View Real Time Build Order
Export as new Build Order

Lambo Zerg - Winner!

Build Orders: Hatch First 

Get SALT Encoding   

  12  0:00  Drone  
  13  0:13  Overlord  
  13  0:18  Drone  
  14  0:31  Drone x2  
  16  0:49  Hatchery  
  15  0:52  Drone  
  15  0:56  Drone  
  17  0:59  Drone  
  18  1:10  Extractor  
  17  1:15  Spawning Pool  
  16  1:19  Drone  
  16  1:22  Drone  
  18  1:30  Drone  
  20  1:40  Drone  
  20  1:51  Overlord  
  20  2:01  Queen x2  
  20  2:02  Zergling x4  
  26  2:11  Drone x2  
  26  2:14  Metabolic Boost  
  28  2:22  Drone x2  
  30  2:40  Hatchery  
  30  2:43  Drone  
  30  2:49  Pneumatized Carapace  
  30  2:54  Drone x2  
  30  2:58  Overlord  
  32  3:02  Drone  
  32  3:04  Drone  
  34  3:07  Drone  
  35  3:14  Drone  
  35  3:17  Drone x2  
  38  3:20  Queen  
  38  3:25  Overlord  
  40  3:33  Drone  
  40  3:34  Drone  
  42  3:36  Queen  
  44  3:44  Evolution Chamber  
  44  3:47  Zergling x8  
  47  3:49  Drone x2  
  47  3:53  Drone  
  47  3:54  Drone  
  51  3:56  Queen  
  51  4:02  Overlord  
  53  4:04  Drone  
  53  4:09  Drone  
  55  4:10  Drone x2  
  57  4:17  Overlord  
  57  4:19  Zerg Ground Armor Level 1  
  57  4:20  Overlord  
  57  4:23  Drone x2  
  59  4:25  Drone  
  59  4:27  Evolution Chamber  
  59  4:30  Drone x2  
  61  4:35  Drone x2  
  61  4:37  Drone x2  
  65  4:39  Overlord  
  65  4:40  Drone  
  66  4:47  Zergling x4  
  66  4:50  Drone  
  66  4:52  Drone x3  
  72  4:55  Zerg Melee Weapons Level 1  
  72  5:00  Queen  
  72  5:04  Drone  
  75  5:09  Hatchery  
  75  5:10  Drone  
  75  5:13  Drone x3, Extractor, Baneling Nest  
  76  5:15  Extractor  
  76  5:16  Drone x2  
  76  5:20  Drone x4  
  81  5:24  Drone  
  81  5:27  Zergling x2, Drone  
  81  5:28  Drone  
  85  5:32  Extractor  
  85  5:33  Extractor  
  83  5:37  Zergling x10  
  83  5:38  Zergling x4  
  90  5:47  Overlord  
  90  5:49  Overlord  
  90  5:51  Overlord  
  90  5:53  Overlord  
  90  5:55  Overlord  
  90  5:58  Lair  
  90  6:02  Baneling x4  
  90  6:03  Baneling, Overlord  
  90  6:04  Queen  
  90  6:09  Overlord  
  90  6:10  Overlord  
  92  6:12  Zergling x2  
  92  6:13  Zergling x10  
  92  6:15  Baneling  
  98  6:21  Queen  
  98  6:24  Drone x6  
  106  6:28  Baneling x3  
  106  6:29  Baneling x2  
  106  6:30  Zergling x8  
  110  6:33  Zergling x8  
  110  6:36  Zergling x2  
  110  6:37  Zergling x2  
  116  6:43  Zergling x4  
  118  6:47  Drone  
  118  6:51  Zergling x4  
  121  6:56  Zergling x4  
  121  6:58  Baneling x7, Hatchery  
  121  7:00  Zergling x12  
  128  7:06  Zergling x4  
  127  7:11  Zergling x6  
  126  7:20  Overlord  
  126  7:21  Zergling x8  
  129  7:26  Zergling x12  
Show
View Real Time Build Order
Export as new Build Order

InZaNe Terran 

Build Orders: Hellion Opening, Reaper Expand 

Get SALT Encoding   

  12  0:00  SCV  
  13  0:12  SCV  
  14  0:17  Supply Depot  
  14  0:24  SCV  
  15  0:39  Barracks, SCV  
  16  0:44  Refinery  
  16  0:51  SCV  
  17  1:03  SCV  
  18  1:15  SCV  
  19  1:27  Reaper  
  19  1:28  Orbital Command  
  20  1:42  Command Center  
  20  1:53  SCV  
  20  1:54  Supply Depot  
  21  1:59  Marine  
  22  2:05  SCV  
  23  2:09  Factory  
  23  2:17  SCV  
  23  2:21  Barracks Reactor  
  24  2:29  SCV  
  25  2:41  SCV  
  25  2:42  Command Center  
  26  2:53  SCV  
  26  2:54  Orbital Command  
  27  3:03  Barracks Tech Lab  
  27  3:04  Hellion  
  29  3:06  Hellion  
  29  3:09  SCV  
  32  3:21  SCV x2  
  32  3:23  Stimpack  
  34  3:27  Hellion x2  
  34  3:28  Marine  
  34  3:34  SCV x2  
  41  3:46  Marine, SCV x2  
  41  3:48  Starport  
  48  3:55  Hellion  
  48  3:56  Hellion  
  48  3:58  Orbital Command, SCV x2  
  48  4:02  Refinery  
  50  4:05  Marine  
  51  4:10  SCV x2  
  53  4:18  Refinery, Supply Depot  
  53  4:22  SCV x2  
  55  4:27  Barracks, Starport Reactor  
  55  4:28  Barracks, SCV  
  56  4:33  Marine  
  56  4:34  SCV  
  56  4:35  Factory Reactor  
  56  4:36  SCV  
  59  4:41  SCV  
  59  4:43  Engineering Bay  
  60  4:46  Engineering Bay, SCV  
  60  4:50  SCV  
  60  4:51  Marine  
  63  4:53  Orbital Command  
  63  4:56  Refinery  
  63  4:58  SCV  
  64  5:02  SCV  
  64  5:03  Supply Depot  
  65  5:09  Barracks, Marine  
  65  5:10  SCV  
  65  5:11  Barracks  
  68  5:14  SCV  
  68  5:20  Terran Infantry Armor Level 1  
  69  5:22  Marine x2  
  69  5:23  SCV, Terran Infantry Weapons Level 1  
  69  5:24  SCV  
  69  5:26  SCV  
  74  5:30  Factory Tech Lab, Combat Shield  
  74  5:34  Marine  
  74  5:35  SCV  
  75  5:36  SCV  
  75  5:38  SCV  
  75  5:42  Marine x3  
  77  5:43  Marine, Medivac  
  77  5:47  SCV  
  77  5:48  Supply Depot  
  84  5:50  Siege Tank  
  84  5:52  Marine  
  84  5:54  Medivac  
  91  5:57  Barracks Reactor  
  91  6:00  Marine, SCV x2  
  91  6:03  Barracks Reactor  
  93  6:07  Marine, SCV, Supply Depot  
  93  6:09  Marine x2  
  97  6:12  SCV  
  97  6:14  Marine  
  99  6:19  SCV  
  99  6:20  Supply Depot  
  99  6:21  Supply Depot  
  99  6:23  SCV  
  99  6:24  SCV  
  99  6:25  Refinery  
  102  6:27  Medivac  
  102  6:28  Medivac  
  102  6:31  Marine x3  
  109  6:34  Marine x2  
  109  6:36  SCV  
  112  6:40  Factory  
  112  6:41  Supply Depot  
  112  6:48  Marine  
  112  6:49  Armory, Supply Depot  
  113  6:54  Marine x2  
  113  7:01  Marine  
  107  7:10  Marine x2  
  87  7:17  Marine x3  
  87  7:21  Marine x2  
  89  7:23  Marine x2  
  89  7:28  Marine  
Tags
 
Add a new tag
Caveats
  • Supply blocks, unpowered buildings, or Contaminate may cause inaccurate times.
  • Supply counts are checked every 10 seconds.